 Dungeon Crawl Stone Soup version 0.30-a0-1053-gbd8d5ba0ad (webtiles) character file.

Game seed: 3954312145441179447

18237 IdlyInterested the Unseen (level 12, -7/136 HPs)
             Began as a Demonspawn Gladiator on Apr 11, 2023.
             Mangled by a fire elemental (10 damage)
             ... summoned by a deep elf pyromancer
             ... on level 12 of the Dungeon.
             The game lasted 01:03:37 (15192 turns).

IdlyInterested the Unseen (Demonspawn Gladiator)   Turns: 15192, Time: 01:03:37

Health: -7/136     AC: 12    Str: 16    XL:     12   Next: 25%
Magic:  12/12      EV: 13    Int: 15    God:
Gold:   575        SH:  9    Dex: 18    Spells: 11/11 levels left

rFire   . . .      SeeInvis .    o - +2 short sword (speed)
rCold   + . .      Faith    .    G - +0 buckler
rNeg    . . .      Spirit   .    s - +1 robe of Pegiv {Int+5 Slay+2 Stlth+}
rPois   .          Reflect  +    c - +0 helmet
rElec   +          Rampage  .    L - +0 cloak
rCorr   +                        A - +2 pair of gloves
Will    ++...                    D - +1 pair of boots "Cehysk" {rElec Will++} Stlth
                                 l - amulet of reflection
HPRegen 2.42/turn                U - ring of protection from cold
MPRegen 0.13/turn                B - ring of resist corrosion

@: mighty, berserking (expiring), flayed, very quick
A: ignite blood 2, powered by death 2, sharp scales 2
a: no special abilities


You were on level 12 of the Dungeon.
You visited 2 branches of the dungeon, and saw 13 of its levels.

You collected 990 gold pieces.
You spent 415 gold pieces at shops.

Inventory:

Hand Weapons
 a - a +1 rapier of venom
 o - a +2 short sword of speed (weapon)
 w - a +2 quick blade of freezing
Missiles
 b - 4 atropa-tipped darts
 d - 3 throwing nets
 g - 94 stones
 p - 3 javelins
 r - 40 poisoned darts (quivered)
 z - 2 boomerangs of dispersal
 E - 7 boomerangs
 N - 6 curare-tipped darts
Armour
 c - a +0 helmet (worn)
 j - an orb of energy
 s - the +1 robe of Pegiv (worn) {Int+5 Slay+2 Stlth+}
   (You found it on level 10 of the Dungeon)

   Int:       It affects your intelligence (+5).
   Slay:      It affects your accuracy & damage with ranged weapons and melee
   (+2).
   Stlth:     It makes you more stealthy.
 A - a +2 pair of gloves (worn)
 D - the +1 pair of boots "Cehysk" (worn) {rElec Will++}
   (You acquired it on level 10 of the Dungeon)

   rElec:     It insulates you from electricity.
   Will:      It greatly increases your willpower.
 G - a +0 buckler (worn)
 L - a +0 cloak (worn)
 S - the +0 pair of boots of the Stallion {MP+9 Dex-4 SInv}
   (You found it on level 7 of the Dungeon)

   Dex:       It affects your dexterity (-4).
   MP:        It affects your magic capacity (+9).
   SInv:      It lets you see invisible.
Jewellery
 l - an amulet of reflection (around neck)
 x - an amulet of guardian spirit
 y - a ring of fire
 B - a ring of resist corrosion (right hand)
 C - a ring of willpower
 P - a ring of ice
 R - a ring of positive energy
 U - a ring of protection from cold (left hand)
Wands
 f - a wand of acid (21)
 u - a wand of polymorph (9)
 O - a wand of roots (8)
 Q - a wand of mindburst (7)
 W - a wand of flame (27)
Scrolls
 e - 4 scrolls of fear
 h - 2 scrolls of silence
 q - 2 scrolls of teleportation
 t - a scroll of fog
 v - a scroll of magic mapping
 K - 4 scrolls of identify
 M - a scroll of blinking
 T - 2 scrolls of brand weapon
 X - 2 scrolls of enchant armour
Potions
 i - a potion of cancellation
 m - a potion of ambrosia
 n - 6 potions of brilliance
 F - a potion of heal wounds
 I - 3 potions of mutation
 V - a potion of haste
 Y - 2 potions of flight
 Z - a potion of curing
Miscellaneous
 H - a box of beasts (inert)


   Skills:
 - Level 7.0 Fighting
 + Level 7.5 Short Blades
 - Level 3.0 Throwing
 - Level 3.0 Armour
 - Level 3.0 Dodging
 * Level 16.4 Stealth
 - Level 3.0 Evocations


You had 11 spell levels left.
You didn't know any spells.
Your spell library contained the following spells:

 Spells                   Type           Power      Damage    Failure   Level
 Freeze                   Ice            0%         1d3       36%         1
 Magic Dart               Conj           0%         1d3       36%         1
 Sting                    Tmut/Pois      0%         1d3       36%         1
 Blink                    Tloc           0%         N/A       50%         2
 Call Imp                 Summ           0%         N/A       50%         2
 Lesser Beckoning         Tloc           0%         N/A       50%         2
 Poisonous Vapours        Pois/Air       0%         N/A       50%         2
 Dazzling Flash           Conj/Hex       0%         N/A       73%         3
 Frozen Ramparts          Ice            0%         1d1       73%         3
 Gell's Gravitas          Tloc           0%         N/A       73%         3
 Hailstorm                Conj/Ice       0%         3d3       73%         3
 Mephitic Cloud           Conj/Pois/Air  0%         N/A       73%         3
 Teleport Other           Tloc           0%         N/A       73%         3
 Manifold Assault         Tloc           0%         N/A       98%         4
 Olgreb's Toxic Radiance  Pois           0%         N/A       98%         4
 Agony                    Necr           0%         N/A       100%        5
 Iskenderun's Battlesphe  Conj           0%         2d6       100%        5
 Silence                  Hex/Air        0%         N/A       100%        5
 Iron Shot                Conj/Erth      0%         9d1       100%        6
 Spellforged Servitor     Conj/Summ      0%         N/A       100%        7
 Storm Form               Tmut/Air       0%         N/A       100%        7
 Discord                  Hex            0%         N/A       100%        8
 Ignition                 Fire           0%         3d3       100%        8


Dungeon Overview and Level Annotations

Branches:
Dungeon (12/15)            Temple (1/1) D:4            Lair (0/5) D:11
    Orc (0/2) D:10

Altars:
Ashenzari
Cheibriados
Dithmenos
Fedhas
Gozag
Hepliaklqana
Kikubaaqudgha
Makhleb
Nemelex Xobeh
Okawaru
Qazlal
Ru
Sif Muna
Trog
Uskayaw
Vehumet
Wu Jian
Xom
Yredelemnul

Shops:
D:7 *   D:12 **

Annotations:
D:12 exclusion: obsidian statue


Innate Abilities, Weirdness & Mutations

Your demonic aura often causes spilled blood to erupt in flames.
You regenerate health from kills.
You are mostly covered in razor-sharp scales. (AC +2, Slay +2)


Message History

You block the cyclops's attack.
You closely miss Nuoffeot's ghost.
Nuoffeot's ghost is almost destroyed.
Nuoffeot's ghost is engulfed in blazing flames.
Nuoffeot's ghost hits you but does no damage.
The obsidian statue's eyes glow briefly.
Send 'em back where they came from!
Your juvenile stingshock beast shudders.
You hit Nuoffeot's ghost.
You destroy Nuoffeot's ghost!
The fire elemental disappears in a puff of smoke!
The fire elemental misses you.
The crimson imp shouts, "Out, out, thou currish half-faced death-token!"
Your juvenile stingshock beast hits the fire elemental.
Your juvenile stingshock beast stings the fire elemental.
You impale the cyclops!!
The cyclops is severely wounded.
You hit the cyclops.
The cyclops is almost dead.
The deep elf pyromancer gestures wildly while chanting.
The deep elf pyromancer blinks!
The obsidian statue's eyes glow briefly.
You puncture the cyclops!
The cyclops is almost dead.
The iron imp disappears in a puff of smoke!
The fire elemental barely misses you.
The cyclops is engulfed in blazing flames.
You kill the cyclops!
The ice devil is engulfed in blazing flames.
You are too berserk!
You are too berserk!
You puncture the neqoxec!
The neqoxec is moderately wounded.
The crimson imp spits at you.
Your juvenile stingshock beast hits the fire elemental.
Your juvenile stingshock beast completely misses the fire elemental.
You hit the neqoxec.
The neqoxec is moderately wounded.
The fire elemental hits you. The fire elemental burns you!
You die...

....[...........................#
###........#######.............[.
........#.##.8∩8.##.....###..##.#
..........#∩.$.5$.#............<.
###..##.###8.$8.$8#...#...#..##.#
# #..##.# #.$5e$$∩##.........##.#
###..##.####$$.W5######....>.....
...........##'☼3##..............#
####.##.##....°4@.......#.#[.##.#
~~~#...........E☼.##......#..##.#
♣.~#.##.....##H.####......'......
(♣.'.........##.# ##......##.##.#
~~~#............# #.......##.##.#
####.......#.#### #.......##.##..
...........#.######......###.##.#
..........##.#...........# #.....
..........#..#...........# #.##.#


You could see an obsidian statue, a flayed ghost, an ice devil (summoned), a
deep elf pyromancer, a fire elemental (summoned, ally target), a neqoxec
(summoned), an iron imp (summoned), a crimson imp (summoned), a white imp
(summoned) and a friendly juvenile stingshock beast (summoned).

Vanquished Creatures
  The ghost of Nuoffeot the Severer, a journeyman MiBe of Trog (D:12)
  Snorg (D:11)
  3 two-headed ogres
  Sonja (D:11)
  Lodul (D:12)
  A deep elf pyromancer (D:12)
  4 cyclopes (D:12)
  Maurice (D:11)
  2 gargoyles (D:12)
  2 unseen horrors (D:11)
  3 kobold demonologists
  A troll (D:12)
  A hornet (D:10)
  A wraith (D:10)
  4 wyverns
  10 yaks
  3 vampires
  3 shadows
  A basilisk (D:12)
  A steam dragon (D:10)
  2 acid dragons
  3 water moccasins
  4 orc warriors
  2 sky beasts
  3 black bears
  8 ogres
  10 centaurs
  A phantom (D:7)
  10 kobold brigands
  The ghost of Nornya the Shooter, an amateur TeHu of Fedhas (D:4)
  3 bullfrogs
  A gnoll sergeant (D:9)
  3 scorpions
  7 wights (D:7)
  16 killer bees
  A howler monkey (D:9)
  6 jellies
  A hound (D:7)
  7 orc priests
  A gnoll bouda (D:7)
  7 iguanas
  A sleepcap (D:4)
  6 orc wizards
  A statue (D:11)
  5 gnolls (D:7)
  15 adders
  A white imp (D:6)
  An ufetubus (D:5)
  2 worms (D:2)
  22 orcs
  8 bats
  5 endoplasms
  A giant cockroach (D:4)
  6 goblins
  8 hobgoblins
  2 jackals (D:1)
  26 kobolds
  3 quokkas
  6 ball pythons
  5 frilled lizards
  A rat (D:3)
267 creatures vanquished.

Vanquished Creatures (collateral kills)
  A quokka (D:2)
1 creature vanquished.

Vanquished Creatures (others)
  A centaur (D:9)
  A bullfrog (D:9)
  16 plants (D:5)
18 creatures vanquished.

Grand Total: 286 creatures vanquished

Notes
Turn   | Place    | Note
-------+----------+-------------------------------------------
     0 | D:1      | IdlyInterested the Demonspawn Gladiator began the quest for
                  | the Orb.
     0 | D:1      | Reached XP level 1. HP: 16/16 MP: 1/1
    69 | D:1      | Reached skill level 1 in Stealth
    77 | D:1      | Gained mutation: Your demonic aura sometimes causes spilled
                  | blood to erupt in flames. [demonic ancestry]
    77 | D:1      | Reached XP level 2. HP: 22/22 MP: 2/2
   235 | D:1      | Reached skill level 2 in Stealth
   368 | D:1      | Reached XP level 3. HP: 27/27 MP: 3/3
  1081 | D:2      | Reached skill level 1 in Armour
  1081 | D:2      | Reached skill level 3 in Stealth
  1081 | D:2      | Gained mutation: You are partially covered in razor-sharp
                  | scales. (AC +1, Slay +1) [demonic ancestry]
  1081 | D:2      | Reached XP level 4. HP: 25/33 MP: 4/4
  1084 | D:2      | Found a faded altar of an unknown god.
  1598 | D:3      | Reached skill level 1 in Evocations
  2171 | D:3      | Reached XP level 5. HP: 26/38 MP: 5/5
  2295 | D:4      | Found a transporter.
  2295 | D:4      | Noticed Nornya's ghost (amateur TeHu)
  2299 | D:4      | Found a transporter.
  2475 | D:4      | Reached skill level 4 in Stealth
  2623 | D:4      | Reached XP level 6. HP: 41/46 MP: 6/6
  2887 | D:4      | Reached skill level 5 in Stealth
  3350 | D:4      | Reached XP level 7. HP: 12/52 MP: 1/7
  3566 | D:4      | Reached skill level 6 in Stealth
  3648 | D:4      | Found a staircase to the Ecumenical Temple.
  3657 | Temple   | Entered the Ecumenical Temple
  3797 | D:4      | Killed Nornya's ghost
  4002 | D:5      | Entered Level 5 of the Dungeon
  4610 | D:5      | Reached skill level 7 in Stealth
  5036 | D:5      | Gained mutation: You are mostly covered in razor-sharp
                  | scales. (AC +2, Slay +2) [demonic ancestry]
  5036 | D:5      | Reached XP level 8. HP: 54/60 MP: 6/8
  5822 | D:6      | Found a snail-covered altar of Cheibriados.
  5824 | D:6      | Found an ornate altar of the Wu Jian Council.
  5825 | D:6      | Found a bloodstained altar of Trog.
  5829 | D:6      | Found a basalt altar of Yredelemnul.
  5831 | D:6      | Found a shimmering altar of Xom.
  5841 | D:6      | Reached skill level 8 in Stealth
  5857 | D:6      | Found an iron altar of Okawaru.
  5857 | D:6      | Found a blossoming altar of Fedhas.
  5858 | D:6      | Found a radiant altar of Vehumet.
  5859 | D:6      | Found a broken altar of Ashenzari.
  5862 | D:6      | Found a hide-covered altar of Uskayaw.
  6206 | D:6      | Reached skill level 9 in Stealth
  6513 | D:7      | Found Wuiroan's General Store.
  6914 | D:7      | Gained mutation: You regenerate a little health from kills.
                  | [demonic ancestry]
  6914 | D:7      | Reached XP level 9. HP: 61/65 MP: 7/9
  7067 | D:7      | Reached skill level 5 in Short Blades
  7067 | D:7      | Reached skill level 10 in Stealth
  7323 | D:7      | Identified the +0 pair of boots of the Stallion {MP+9 Dex-4
                  | SInv}
  7734 | D:7      | Bought a ring of protection from cold for 275 gold pieces
  7964 | D:8      | Reached skill level 5 in Fighting
  8150 | D:8      | Reached skill level 11 in Stealth
  8772 | D:7      | Bought a potion of curing for 33 gold pieces
  8772 | D:7      | Bought 4 atropa-tipped darts for 39 gold pieces
  8772 | D:7      | Bought 2 poisoned darts for 13 gold pieces
  9032 | D:9      | Gained mutation: You regenerate health from kills. [demonic
                  | ancestry]
  9032 | D:9      | Reached XP level 10. HP: 66/74 MP: 10/10
  9359 | D:9      | Reached skill level 12 in Stealth
  9429 | D:9      | Noticed a two-headed ogre
  9439 | D:9      | Killed a two-headed ogre
  9478 | D:9      | Reached skill level 13 in Stealth
  9708 | D:9      | Found a hazy altar of Hepliaklqana.
 10236 | D:7      | Bought a potion of heal wounds for 55 gold pieces
 10417 | D:10     | Entered Level 10 of the Dungeon
 10417 | D:10     | Found a staircase to the Orcish Mines.
 10960 | D:10     | Identified the +1 robe of Pegiv {Int+5 Slay+2 Stlth+}
 11014 | D:10     | Paralysed by a hornet for 3 turns
 11458 | D:10     | Identified 2 scrolls of acquirement
 11458 | D:10     | Acquired the +1 pair of boots "Cehysk" {rElec Will++}
 11472 | D:10     | Acquired a +2 quick blade of freezing
 11627 | D:10     | Found an opulent altar of Gozag.
 11778 | D:11     | Found a staircase to the Lair.
 11791 | D:11     | Gained mutation: Your demonic aura often causes spilled
                  | blood to erupt in flames. [demonic ancestry]
 11791 | D:11     | Reached XP level 11. HP: 81/81 MP: 9/11
 11848 | D:11     | Noticed Maurice
 11864 | D:11     | Killed Maurice
 11918 | D:11     | Reached skill level 14 in Stealth
 12041 | D:11     | Noticed a two-headed ogre
 12058 | D:11     | Killed a two-headed ogre
 12161 | D:11     | Noticed Sonja
 12166 | D:11     | Killed Sonja
 12794 | D:11     | Found a radiant altar of Vehumet.
 13124 | D:11     | Noticed Snorg
 13158 | D:11     | Killed Snorg
 13159 | D:11     | Reached skill level 15 in Stealth
 13962 | D:12     | Noticed Lodul
 13993 | D:12     | Killed Lodul
 14083 | D:12     | Noticed a two-headed ogre
 14107 | D:12     | Killed a two-headed ogre
 14108 | D:12     | Reached XP level 12. HP: 9/89 MP: 12/12
 14362 | D:12     | Reached skill level 16 in Stealth
 14755 | D:12     | Found a runed translucent gate.
 14755 | D:12     | Found a runed translucent gate.
 14755 | D:12     | Found a runed translucent gate.
 14755 | D:12     | Found an opulent altar of Gozag.
 14757 | D:12     | Found Dogutop's Assorted Antiques.
 14757 | D:12     | Noticed Nuoffeot's ghost (journeyman MiBe)
 14759 | D:12     | Found Sisusus's Assorted Antiques.
 15183 | D:12     | HP: 3/136 [Nuoffeot's ghost (9)]
 15183 | D:12     | HP: 1/136 [Nuoffeot's ghost (2)]
 15187 | D:12     | Killed Nuoffeot's ghost
 15192 | D:12     | Mangled by a fire elemental

Illustrated notes

Levels and vault maps discovered:
D:1:      amcnicky_arrival_flooded_fountain, layout_basic, minmay_misc_feat_iff
D:2:      layout_basic, ebering_ecumenical_altar_sacrificial,
          minmay_tetromino_t2
D:3:      layout_loops_ring, mainiacjoe_overflow_alcove_1, kennysheep_crisscross
D:4:      layout_basic, minmay_temple_entry_poolview, gammafunk_ghost_arena,
          patterned_corridor
D:5:      layout_loops_ring, wad_woods_river_04, kennysheep_generic_room_6
D:6:      layout_cave_pods, nicolae_overflow_hallway_of_the_gods, nrook_campfire
D:7:      layout_basic, serial_shops, nicolae_shop_trees,
          roderic_serpentine_path
D:8:      layout_basic
D:9:      layout_stronghold, mainiacjoe_overflow_surrounded_room,
          minmay_joined_circles
D:10:     layout_small_grid, kennysheep_little_box, orc_0_dummy,
          eino_small_chamber_without_monster
D:11:     hellmonk_crumbling_castle, layout_basic, serial_co_window_serial,
          co_window_corner_a, co_window_paths_b, co_window_paths_a,
          co_window_of_opportunity_a, co_window_corner_a, co_window_cross_4,
          co_window_broadway_a, co_window_2corner, co_window_paths_d,
          glass_columns_c, grunt_ministairs_2, vehumet_statue, uniq_maurice,
          uniq_snorg, uniq_sonja
D:12:     layout_basic, ebering_ghost_gozag, kennysheep_generic_room_14,
          uniq_lodul
Temple:   nicolae_temple_ecumenical_triangle

Skill      XL: |  1  2  3  4  5  6  7  8  9 10 11 12 |
---------------+-------------------------------------+-----
Stealth        | 1 2 3 4 5 7 9 11 13 15 16 | 16.4
Throwing       | 2 3 |  3.0
Dodging        | 3 |  3.0
Armour         | 1 2 3 |  3.0
Evocations     | 1 2 3 |  3.0
Short Blades   | 3 4 5 6 7 |  7.5
Fighting       | 3 4 5 6 7 |  7.0

Action                     |  1- 3 |  4- 6 |  7- 9 | 10-12 || total
---------------------------+-------+-------+-------+-------++-------
  Melee: Rapier            |   100 |       |       |       ||   100
         Short sword       |     7 |   186 |   551 |   526 ||  1270
         Punch             |       |       |    11 |     5 ||    16
  Throw: Stone             |       |     1 |     9 |     8 ||    18
         Javelin           |       |     2 |     7 |     4 ||    13
         Dart              |       |       |    18 |    28 ||    46
  Evoke: Wand              |       |     3 |     3 |     5 ||    11
         Box of beasts     |       |       |       |     1 ||     1
    Use: Scroll            |     4 |     8 |     5 |    12 ||    29
         Potion            |       |     2 |     2 |     7 ||    11
   Stab: Sleeping          |     2 |     3 |    11 |    21 ||    37
         Invisible         |       |       |       |     7 ||     7
 Armour: Leather armour    |    38 |    10 |       |       ||    48
         Ring mail         |       |    15 |       |       ||    15
         Scale mail        |       |    22 |       |       ||    22
         Plate armour      |       |    11 |    28 |       ||    39
         Robe              |       |       |    36 |    78 ||   114
         Acid dragon scale |       |       |       |    35 ||    35
  Dodge: Dodged            |    66 |    60 |   142 |   192 ||   460
  Block: Other             |       |       |       |     4 ||     4
         Buckler           |       |       |       |    18 ||    18

Table legend: (Time is in decaauts)
 A = Elapsed time spent in this place.
 B = Non-inter-level travel time spent in this place.
 C = Inter-level travel time spent in this place.
 D = Time resting spent in this place.
 E = Time spent auto-exploring this place.
 F = Levels seen in this place.
 G = Mean time per level.
                   A        B        C        D        E       F      G
               +--------+--------+--------+--------+--------+-----+--------+
         Total |  14624 |  12575 |   2049 |   2911 |   6324 |  13 | 1124.9 |
       Dungeon |  14579 |  12539 |   2040 |   2911 |   6294 |  12 | 1214.9 |
        Temple |     44 |     35 |      9 |      0 |     30 |   1 |   44.0 |
               +--------+--------+--------+--------+--------+-----+--------+

Top non-repeatable levels by time:
    D:11: 2057 daAuts
     D:4: 1595 daAuts
     D:9: 1571 daAuts
     D:5: 1408 daAuts
     D:7: 1259 daAuts
    D:10: 1183 daAuts
    D:12: 1132 daAuts
     D:8: 1060 daAuts
     D:6: 901 daAuts
     D:3: 896 daAuts
     D:2: 827 daAuts
     D:1: 683 daAuts
  Temple: 44 daAuts
